 Dungeon Crawl Stone Soup version 0.32-a0-485-g70f7560b1c (webtiles) character file.

Game seed: 5852412243994469576

2172 lunkers the Slicer (level 9, -4/68 HPs)
             Began as a Coglin Brigand on Feb 26, 2024.
             Was an Initiate of Gozag.
             Slain by a fire elemental (8 damage)
             ... summoned by a deep elf pyromancer
             ... on level 7 of the Dungeon on Feb 27, 2024.
             The game lasted 00:15:23 (6875 turns).

lunkers the Slicer (Coglin Brigand)                 Turns: 6875, Time: 00:15:24

Health: -4/68      AC:  9    Str: 15    XL:     9   Next: 32%
Magic:  9/9        EV: 12    Int: 14    God:    Gozag
Gold:   399        SH:  0    Dex: 16    Spells: 8/8 levels left

rFire   . . .        a - +2 dagger (vamp) {Suthep}
rCold   . . .        r - +2 dagger (speed) {Suni}
rNeg    . . .        t - +0 ring mail
rPois   .            x - +1 helmet of Calculation {Int+3 Stlth+}
rElec   .            c - +0 cloak
rCorr   .            v - +0 pair of gloves
SInv    .            (no boots)
Will    .....        (no amulet)
Stlth   +++          (ring unavailable)
HPRegen 0.31/turn    (ring unavailable)
MPRegen 0.11/turn

%: no passive effects
@: about to teleport, gold aura, revved
A: off-hand wielding, slow wielding, warmup strikes, no rings
a: Renounce Religion, Potion Petition, Call Merchant, Bribe Branch


You were on level 7 of the Dungeon.
You worshipped Gozag.
Gozag was aware of your devotion.
You visited 2 branches of the dungeon, and saw 8 of its levels.

You collected 657 gold pieces.
You spent 171 gold pieces at shops.
You paid 87 gold pieces to Gozag.

Inventory:

Hand Weapons
 a - a +2 vampiric dagger (weapon) {Suthep}
 r - a +2 dagger of speed (offhand) {Suni}
 z - a +3 short sword
Missiles
 d - 19 poisoned darts
 e - 3 curare-tipped darts
Armour
 c - a +0 cloak (worn)
 t - a +0 ring mail (worn)
 v - a +0 pair of gloves (worn)
 x - the +1 helmet of Calculation (worn) {Int+3 Stlth+}
   (You bought it in a shop on level 5 of the Dungeon)

   Int+3:     It affects your intelligence (+3).
   Stlth+:    It makes you more stealthy.
Wands
 b - a wand of mindburst (6)
 j - a wand of flame (31)
 u - a wand of paralysis (3)
 A - a wand of digging (7)
Scrolls
 h - 5 scrolls of identify
 i - 2 scrolls of revelation
 m - a scroll of poison
 o - a scroll of enchant weapon
 p - a scroll of brand weapon
 w - a scroll of teleportation
 y - 2 scrolls of blinking
 B - a scroll of summoning {unknown}
Potions
 f - 8 potions of curing
 g - a potion of brilliance
 k - a potion of ambrosia
 l - a potion of mutation
 n - a potion of might {unknown}
 q - 4 potions of heal wounds
 s - a potion of attraction {unknown}


   Skills:
 + Level 5.0 Fighting
 - Level 8.0 Short Blades
 - Level 1.7 Throwing
 + Level 4.2 Dodging
 - Level 3.2 Stealth
 - Level 7.0 Evocations


You had 8 spell levels left.
You didn't know any spells.
Your spell library contained the following spells:

 Spells                   Type           Power      Damage    Failure   Level
 Foxfire                  Conj/Fire      0%         2x1d4     50%         1
 Slow                     Hex            0%         N/A       50%         1
 Confusing Touch          Hex            0%         N/A       86%         3
 Sigil of Binding         Hex            0%         N/A       86%         3
 Vampiric Draining        Necr           0%         2d6       86%         3
 Plasma Beam              Fire/Air       0%         2x1d10    100%        6
 Starburst                Conj/Fire      0%         6d3       100%        6


Dungeon Overview and Level Annotations

Branches:
Dungeon (7/15)             Temple (1/1) D:4

Altars:
Ashenzari
Cheibriados
Elyvilon
Gozag
Kikubaaqudgha
Makhleb
Nemelex Xobeh
Okawaru
Qazlal
Ru
Sif Muna
Trog
Uskayaw
Zin
Lugonu

Shops:
D:1 [   D:5 *


Innate Abilities, Weirdness & Mutations

You can wield a second weapon in your off-hand.
It takes a long time for you to wield or remove held weapons.
Your first few attacks do less damage.
Your grasper-arms cannot wear rings.


Message History

The hound closely misses you.
You hit the hound with your +2 vampiric dagger.
You feel better.
The hound is severely wounded.
You hit the hound with your +2 dagger of speed.
You kill the hound!
The deep elf pyromancer casts a spell at you.
The bolt of fire hits the fire elemental.
The fire elemental completely resists.
The bolt of fire hits you!!
You closely miss the fire elemental with your +2 dagger of speed.
You puncture the fire elemental with your +2 vampiric dagger!
The fire elemental hits you. The fire elemental burns you!
* * * LOW HITPOINT WARNING * * *
Aiming: Throw Flame
Press: ? - help, Shift-Dir - straight line, f - bullfrog
Aim: a bullfrog (67% to hit)
The puff of flame hits the bullfrog!
The bullfrog is heavily wounded.
The deep elf pyromancer is distracted by your dazzling golden aura.
The bullfrog hits you.
* * * LOW HITPOINT WARNING * * *
The fire elemental hits you. The fire elemental burns you!
* * * LOW HITPOINT WARNING * * *
As you read the scroll of teleportation, it crumbles to dust.
You feel strangely unstable. The bullfrog hits you.
* * * LOW HITPOINT WARNING * * *
The fire elemental hits you. The fire elemental burns you!
* * * LOW HITPOINT WARNING * * *
The fire elemental is distracted by your dazzling golden aura.
The bullfrog barely misses you.
The deep elf pyromancer shouts!
You hit the bullfrog with your +2 vampiric dagger.
The bullfrog is almost dead.
You hit the bullfrog with your +2 dagger of speed.
You kill the bullfrog!
You hear a howl!
You hear an angry hiss.
The deep elf pyromancer is no longer distracted by gold.
The fire elemental hits you. The fire elemental burns you!
You die...
Your body crumbles into a pile of gold.

...#######...#######.#
#...# ♣♣♣♣♣.♣♣♣♣♣ #.## #
#...#♣♣♣.........♣♣♣#..#
.#...#?..............#..#
#
.#...#♣♣♣.........♣♣♣#..#
. ....# ♣♣♣♣♣.♣♣♣♣♣ #.##
##.#...# #.# #.# #..#...#
#$#♣ #.# ....<..# #$#@#
#.######## #.#....#
..#ß#Ee♣ #.........
....#..# ♣.♣#!# #♣E♣
#.#.###### #.#....# ♣. ♣#
○♣ #...# .......# # #
#.#.# #...##.# #...#
##..##.# #.### #.....#
#.# #.##..# #.#


You could see a deep elf pyromancer and 2 fire elementals.

Vanquished Creatures
  Pikel (D:3)
  A sky beast (D:7)
  A black bear (D:7)
  2 ogres
  A centaur (D:7)
  A lemure (D:4)
  A phantom (D:6)
  A gnoll sergeant (D:7)
  3 bullfrogs
  2 scorpions (D:6)
  3 wights (D:7)
  A bombardier beetle (D:3)
  4 orc priests (D:3)
  5 hounds
  2 jellies
  Ijyb (D:3)
  An iguana (D:7)
  An orc wizard (D:7)
  Robin (D:2)
  3 gnolls (D:7)
  11 adders
  3 white imps
  2 ufetubi (D:7)
  4 ribbon worms
  10 orcs
  8 bats
  11 endoplasms
  4 giant cockroaches
  18 goblins
  16 hobgoblins
  5 quokkas
  8 ball pythons
  5 frilled lizards
  4 kobolds
  4 rats
149 creatures vanquished.

Vanquished Creatures (others)
  An orc (D:4)
1 creature vanquished.

Grand Total: 150 creatures vanquished

Notes
Turn   | Place    | Note
-------+----------+-------------------------------------------
     0 | D:1      | lunkers the Coglin Brigand began the quest for the Orb.
     0 | D:1      | Reached XP level 1. HP: 16/16 MP: 1/1
    41 | D:1      | Found Xaqax's Armour Shoppe.
    58 | D:1      | Reached skill level 2 in Short Blades
   141 | D:1      | Reached XP level 2. HP: 18/22 MP: 2/2
   551 | D:2      | Reached skill level 3 in Short Blades
   551 | D:2      | Reached XP level 3. HP: 16/27 MP: 3/3
   681 | D:2      | Noticed Robin
   820 | D:2      | Reached XP level 4. HP: 19/33 MP: 4/4
   947 | D:2      | Reached skill level 4 in Short Blades
  1190 | D:2      | Killed Robin
  1401 | D:2      | Reached XP level 5. HP: 38/38 MP: 5/5
  1652 | D:3      | Reached skill level 5 in Short Blades
  2167 | D:3      | Noticed Ijyb
  2178 | D:3      | Paralysed by Ijyb for 4 turns
  2188 | D:3      | Killed Ijyb
  2189 | D:3      | Reached XP level 6. HP: 30/44 MP: 6/6
  2409 | D:3      | Noticed an angel
  2410 | D:3      | Found a glowing silver altar of Zin.
  2874 | D:3      | Reached skill level 6 in Short Blades
  2874 | D:3      | Reached skill level 1 in Evocations
  3009 | D:4      | Noticed Pikel
  3110 | D:3      | Reached XP level 7. HP: 29/50 MP: 7/7
  3263 | D:3      | HP: 2/50 [Pikel/+1 whip of freezing (2)]
  3264 | D:3      | Killed Pikel
  3265 | D:3      | Reached skill level 7 in Short Blades
  3265 | D:3      | Reached skill level 5 in Evocations
  3265 | D:3      | Reached XP level 8. HP: 3/56 MP: 8/8
  3597 | D:4      | Found a shimmering blue altar of Sif Muna.
  3754 | D:4      | Found a staircase to the Ecumenical Temple.
  3840 | D:4      | Found a snail-covered altar of Cheibriados.
  4025 | Temple   | Entered the Ecumenical Temple
  4041 | Temple   | Became a worshipper of Gozag Ym Sagoz the Greedy
  4109 | D:5      | Entered Level 5 of the Dungeon
  4154 | D:5      | Found Jinuc's Assorted Antiques.
  4168 | D:5      | Bought a heavily runed helmet for 171 gold pieces
  4168 | D:5      | Identified the +1 helmet of Calculation {Int+3 Stlth+} (You
                  | bought it in a shop on level 5 of the Dungeon)
  4374 | D:5      | Identified the +0 scimitar of the Smoking Gods {heavy, rN+}
  4433 | D:5      | Found a broken altar of Ashenzari.
  4625 | D:5      | Found a sacrificial altar of Ru.
  5101 | D:6      | Identified the +1 ring mail of Baeqaut {Harm rPois rN+++
                  | Str-3}
  5247 | D:6      | Reached skill level 8 in Short Blades
  5354 | D:6      | Reached skill level 1 in Dodging
  5388 | D:6      | Identified the beast talisman of Mezcal {Dex+5}
  5882 | D:7      | Found a bloodstained altar of Trog.
  6178 | D:7      | Reached XP level 9. HP: 32/65 MP: 9/9
  6519 | D:7      | Identified the +0 robe of Hairiness {rN+ Dex+5}
  6752 | D:7      | Found a white marble altar of Elyvilon.
  6858 | D:7      | Noticed a deep elf pyromancer
  6867 | D:7      | Reached skill level 5 in Fighting
  6874 | D:7      | HP: 3/68 [fire elemental[a deep elf pyromancer] (14)]
  6875 | D:7      | Slain by a fire elemental

Illustrated notes

Levels and vault maps discovered:
D:1:      dpeg_arrival_shelter, layout_rooms, serial_shops, shop
D:2:      cheibrodos_greedy_goblins, layout_loops_ring, uniq_robin
D:3:      layout_loops_corners, zin_angel, uniq_ijyb
D:4:      layout_rooms, mainiacjoe_overflow_concentric_impassable,
          mainiacjoe_overflow_boulevard, lemuel_temple_firewalk_b, uniq_pikel
D:5:      layout_basic, lemuel_round_altar, nicolae_ashenzari_skybound,
          serial_shops, shop
D:6:      layout_gridville, nicolae_houndstooth_variations
D:7:      nzn_winding_woodlands_small [nzn_winding_woodlands_5x15_zeroes,
          nzn_winding_woodlands_center_diamonds,
          nzn_winding_woodlands_5x15_default], layout_loops_ring,
          lemuel_coloured_pillars_altar, kennysheep_mini_moat, serial_glass,
          glass_columns_a, glass_columns_b, nzn_ghost_randoct,
          minmay_diced_spiral
Temple:   corrupted_temple

Skill      XL: |  1  2  3  4  5  6  7  8  9 |
---------------+----------------------------+-----
Short Blades   | 2 3 4 5 6 7 8 |  8.0
Evocations     | 2 5 7 |  7.0
Dodging        | 2 4 |  4.2
Fighting       | 3 5 |  5.0
Throwing       | |  1.7
Stealth        | |  3.2

Action                     |  1- 3 |  4- 6 |  7- 9 || total
---------------------------+-------+-------+-------++-------
  Melee: Dagger            |   129 |   408 |   554 ||  1091
  Throw: Dart              |       |     1 |       ||     1
  Evoke: Wand              |       |     1 |    13 ||    14
    Use: Scroll            |       |     6 |     8 ||    14
   Stab: Sleeping          |     3 |     8 |     9 ||    20
         Distracted        |       |       |     1 ||     1
 Armour: Robe              |    51 |    49 |       ||   100
         Ring mail         |       |    62 |   158 ||   220
  Dodge: Dodged            |    35 |    88 |   107 ||   230

Table legend: (Time is in decaauts)
 A = Elapsed time spent in this place.
 B = Non-inter-level travel time spent in this place.
 C = Inter-level travel time spent in this place.
 D = Time resting spent in this place.
 E = Time spent auto-exploring this place.
 F = Levels seen in this place.
 G = Mean time per level.
                   A        B        C        D        E       F      G
               +--------+--------+--------+--------+--------+-----+--------+
         Total |   6676 |   6433 |    243 |    166 |   4972 |   8 |  834.5 |
       Dungeon |   6642 |   6399 |    243 |    166 |   4972 |   7 |  948.9 |
        Temple |     33 |     33 |      0 |      0 |      0 |   1 |   33.0 |
               +--------+--------+--------+--------+--------+-----+--------+

Top non-repeatable levels by time:
     D:3: 1685 daAuts
     D:2: 1038 daAuts
     D:7: 950 daAuts
     D:5: 874 daAuts
     D:6: 827 daAuts
     D:4: 702 daAuts
     D:1: 564 daAuts
  Temple: 33 daAuts
